 Dungeon Crawl Stone Soup version 0.31-a0-232-gb1c03b2570 (webtiles) character file.

Game seed: 12734552592762952213

77 qw the Shooter (level 4, -1/26 HPs)
             Began as a Gargoyle Hexslinger on July 7, 2023.
             Slain by Robin
             ... wielding a +0 club
              (5 damage)
             ... on level 3 of the Dungeon.
             The game lasted 00:00:43 (1561 turns).

qw the Shooter (Gargoyle Hexslinger)                Turns: 1561, Time: 00:00:43

Health: -1/26      AC:  9    Str: 12    XL:     4   Next: 33%
Magic:  5/5        EV: 11    Int: 13    God:
Gold:   155        SH:  0    Dex: 14    Spells: 4/5 levels left

rFire   . . .        Y - +1 sling
rCold   . . .        (no shield)
rNeg    + . .        e - +0 leather armour
rPois   inf          (no helmet)
rElec   +            a - +2 cloak
rCorr   .            (no gloves)
SInv    .            (no boots)
Will    .....        (no amulet)
Stlth   +            (no ring)
HPRegen 0.24/turn    (no ring)
MPRegen 0.09/turn

%: no passive effects
@: about to teleport
A: sickness immunity, AC +3, negative energy resistance 1, electricity
resistance, torment resistance 1, petrification resistance
a: no special abilities


You were on level 3 of the Dungeon.
You visited 1 branch of the dungeon, and saw 3 of its levels.

You collected 155 gold pieces.


Innate Abilities, Weirdness & Mutations

You are immune to sickness and miasma.
Your stone body is resilient. (AC +3)
You are immune to poison.
You resist negative energy. (rN+)
You are resistant to electric shocks. (rElec)
You are resistant to unholy torment.
You are immune to petrification.


   Skills:
 - Level 2.0 Fighting
 + Level 4.1 Ranged Weapons
 - Level 1.5 Dodging
 - Level 1.0 Spellcasting
 - Level 2.6 Hexes


You had 4 spell levels left.
You knew the following spells:

 Your Spells              Type           Power      Damage    Failure   Level
a - Slow                  Hex            28%        N/A       12%         1

Your spell library contained the following spells:

 Spells                   Type           Power      Damage    Failure   Level
 Inner Flame              Hex/Fire       4%         N/A       52%         3
 Portal Projectile        Hex/Tloc       8%         N/A       52%         3
 Cause Fear               Hex            3%         N/A       75%         4

Inventory:

Hand Weapons
 Y - a +1 sling (weapon)
Armour
 a - a +2 cloak (worn)
 e - a +0 leather armour (worn)
 h - a +0 ring mail
Scrolls
 b - a scroll of noise {unknown}
 i - a scroll of identify
 j - a scroll of vulnerability {unknown}
Potions
 d - a potion of enlightenment {unknown}
 f - a potion of resistance
 g - a potion of lignification {unknown}

Dungeon Overview and Level Annotations

Branches:
Dungeon (3/15)

Altars:
Hepliaklqana

Annotations:
D:3 Robin


Message History

You shoot a sling bullet. The sling bullet hits the goblin.
The goblin is severely wounded.
An endoplasm comes into view.
The goblin barely misses you.
The goblins go into a battle-frenzy!
The hobgoblin closely misses you.
The endoplasm quivers.
You shoot a sling bullet.
The sling bullet barely misses the goblin.
The goblin misses you. Something hits you but does no damage.
The hobgoblin barely misses you. The hobgoblin hits you.
You shoot a sling bullet.
The sling bullet closely misses the goblin.
The goblin closely misses you. The hobgoblin hits you.
The hobgoblin closely misses you.
The goblin goes into a battle-frenzy!
The goblin misses you. Something hits you.
The goblin hits you but does no damage.
The hobgoblin hits you but does no damage. x2
You shoot a sling bullet.
The sling bullet closely misses the goblin.
The goblin closely misses you. Something hits you but does no damage.
The goblin hits you but does no damage.
A hobgoblin comes into view.
The hobgoblin hits you but does no damage. x2
You shoot a sling bullet.
The sling bullet closely misses the goblin.
The goblin barely misses you. Something hits you. The goblin barely misses you.
The hobgoblin hits you. The hobgoblin closely misses you.
You shoot a sling bullet.
The sling bullet closely misses the goblin.
The goblin hits you but does no damage.
The hobgoblin goes into a battle-frenzy!
The goblin hits you with a +0 club. The hobgoblin hits you.
The hobgoblin barely misses you.
1561 ||| READING scroll of teleportation.
As you read the scroll of teleportation, it crumbles to dust.
You feel strangely unstable. The goblin hits you with a +0 dagger.
Something hits you.
You die...

#...........# ##
#...........# #.
#.(.........###.
#...............
#.........).....
#............... .
####...............
....##g{......#+####....
..).%Jg@......#....#....
.....gg)g...............
#####..............#....
#.........##.#.#....
#.......<.##.#.#.###
#.........##.#.#.###
#.######.#...#.#.##.
...........###......
.........<.......#.


You could see an endoplasm, 3 hobgoblins and 2 goblins.

Vanquished Creatures
  2 adders
  A worm (D:3)
  A dart slug (D:3)
  4 ball pythons
  3 bats
  3 endoplasms
  2 giant cockroaches (D:1)
  7 goblins
  6 hobgoblins
  7 kobolds
  6 quokkas
  3 frilled lizards
  6 rats
51 creatures vanquished.

Notes
Turn   | Place    | Note
-------+----------+-------------------------------------------
     0 | D:1      | qw the Gargoyle Hexslinger began the quest for the Orb.
     0 | D:1      | Reached XP level 1. HP: 12/12 MP: 2/2
     0 | D:1      | 0 ||| qw: Version: 0.3-a-46-gb1f654a
     0 | D:1      | 0 ||| qw: Game counter: 2748
     0 | D:1      | 0 ||| qw: Melee chars always use a shield: true
     0 | D:1      | 0 ||| qw: God list: Okawaru
     0 | D:1      | 0 ||| qw: Allow faded altars: false
     0 | D:1      | 0 ||| qw: Do Orc after clearing Dungeon:15 true
     0 | D:1      | 0 ||| qw: Do second Lair branch before Depths: true
     0 | D:1      | 0 ||| qw: Lair rune preference: random
     0 | D:1      | 0 ||| qw: Goals: Normal
     0 | D:1      | 0 ||| PLANNING D:1-11
   125 | D:1      | Reached XP level 2. HP: 16/16 MP: 3/3
   260 | D:1      | Reached skill level 3 in Ranged Weapons
   580 | D:1      | Reached XP level 3. HP: 21/21 MP: 4/4
   650 | D:1      | 650 ||| UPGRADING to +0 leather armour.
   660 | D:1      | 660 ||| DROPPING +0 robe.
   661 | D:1      | 661 ||| READING 2 scrolls labelled CUSIACH RE VIEF.
   662 | D:1      | 662 ||| READING scroll labelled JEANTOFYRGH.
   663 | D:1      | 663 ||| READING scroll labelled QUISI POOTICH.
   664 | D:1      | 664 ||| READING scroll labelled GIGHYE ZAOZXIE.
   678 | D:1      | 678 ||| READING scroll labelled WIDWUPLECERCH.
   683 | D:1      | 683 ||| DROPPING scroll of fear.
   684 | D:1      | 684 ||| DROPPING scroll of poison.
   724 | D:2      | Found a hazy altar of Hepliaklqana.
  1210 | D:2      | 1210 ||| UPGRADING to +2 cloak.
  1215 | D:2      | 1215 ||| READING scroll labelled ANAP KIYNOFFIN.
  1216 | D:2      | 1216 ||| DRINKING 2 murky ruby potions.
  1473 | D:3      | Reached XP level 4. HP: 26/26 MP: 5/5
  1523 | D:3      | Reached skill level 4 in Ranged Weapons
  1538 | D:3      | Noticed Robin
  1560 | D:3      | HP: 6/26 [hobgoblin[Robin] (2)]
  1561 | D:3      | 1561 ||| READING scroll of teleportation.
  1561 | D:3      | Slain by Robin

Levels and vault maps discovered:
D:1:      dpeg_arrival_houses_and_road, layout_basic, bh_walls_and_bars
D:2:      layout_basic, basic_altar
D:3:      layout_basic, gammafunk_temple_overflow_arena, uniq_robin

Skill      XL: |  1  2  3  4 |
---------------+-------------+-----
Ranged Weapons | 3 4 |  4.1
Fighting       | 2 |  2.0
Dodging        | |  1.5
Spellcasting   | |  1.0
Hexes          | |  2.6

Action                     |  1- 3 |  4- 6 || total
---------------------------+-------+-------++-------
   Fire: Sling             |   135 |    29 ||   164
    Use: Scroll            |     6 |     1 ||     7
         Potion            |     1 |       ||     1
 Armour: Robe              |     8 |       ||     8
         Leather armour    |     7 |    24 ||    31
  Dodge: Dodged            |    30 |    20 ||    50

Table legend:
 A = Non-vault XP
 B = Vault XP
 C = Vault XP percentage of total XP
 D = Non-vault monster count
 E = Vault monster count
 F = Vault count percentage of total count
                 A         B        C        D         E       F
            +---------+---------+-------+---------+---------+-------
      Total |     101 |       9 |   8.2 |      46 |       5 |   9.8
            +---------+---------+-------+---------+---------+-------
        D:1 |      34 |       0 |   0.0 |      20 |       0 |   0.0
        D:2 |      31 |       0 |   0.0 |      13 |       0 |   0.0
        D:3 |      36 |       9 |  20.0 |      13 |       5 |  27.8
            +---------+---------+-------+---------+---------+-------
